 Dungeon Crawl Stone Soup version 0.26-a0-651-gb41185065b (webtiles) character file.

Game seed: 15567778256622806664

18293 Flugslaktarn the Cleaver (level 12, -15/116 HPs)
             Began as a Deep Dwarf Fighter on Oct 6, 2020.
             Was a High Priest of Makhleb.
             Killed from afar by an ogre mage (38 damage)
             ... with a crystal spear
             ... on level 13 of the Dungeon.
             The game lasted 00:05:52 (6998 turns).

Flugslaktarn the Cleaver (Deep Dwarf Fighter)       Turns: 6998, Time: 00:05:53

Health: -15/116    AC: 21    Str: 24    XL:     12   Next: 26%
Magic:  2/9        EV:  5    Int: 10    God:    Makhleb [*****.]
Gold:   500        SH: 15    Dex: 12    Spells: 11/11 levels left

rFire    + . .     SeeInvis .   i - +1 broad axe
rCold    . . .     Faith    .   y - +0 kite shield
rNeg     . . .     Spirit   .   b - +1 plate armour {rF+}
rPois    .         Reflect  .   m - +0 helmet
rElec    .         Harm     .   (no cloak)
rCorr    .         Rampage  .   f - +2 pair of gloves
MR       +....                  h - +1 pair of boots
Stlth    ..........             (no amulet)
HPRegen  0.00/turn              j - ring of attention (curse)
MPRegen  0.11/turn              (no ring)

@: berserk cooldown, non-regenerating, slowed, heavily drained, very slow
A: damage resistance, heal wounds, large bone plates 1, sense surroundings 2,
subdued magic 1, no regeneration
a: Heal Wounds, Minor Destruction, Lesser Servant of Makhleb, Major Destruction,
Greater Servant of Makhleb, Renounce Religion


You were on level 13 of the Dungeon.
You worshipped Makhleb.
Makhleb was extremely pleased with you.
You visited 2 branches of the dungeon, and saw 14 of its levels.

You collected 682 gold pieces.
You spent 182 gold pieces at shops.

Inventory:

Hand Weapons
 g - a +1 short sword of distortion
   (You took it off Sonja on level 10 of the Dungeon)
 i - a +1 broad axe (weapon)
   (You took it off an orc warrior on level 7 of the Dungeon)
Armour
 b - a +1 plate armour of fire resistance (worn)
   (You found it on level 7 of the Dungeon)
 f - a +2 pair of gloves (worn)
   (You found it on level 9 of the Dungeon)
 h - a +1 pair of boots (worn)
   (You found it on level 5 of the Dungeon)
 m - a +0 helmet (worn)
   (You took it off Robin on level 4 of the Dungeon)
 y - a +0 kite shield (worn)
Jewellery
 d - a cursed -4 ring of protection {unknown}
   (You found it on level 12 of the Dungeon)
 j - a cursed ring of attention (left hand)
   (You found it on level 11 of the Dungeon)
Wands
 a - a wand of digging (7)
   (You found it on level 7 of the Dungeon)
 e - a wand of iceblast (6)
   (You found it on level 4 of the Dungeon)
Scrolls
 c - 2 scrolls of magic mapping
 k - 2 scrolls of fog
 l - a scroll of enchant armour
 r - 2 scrolls of identify
 t - 5 scrolls of teleportation
 x - 4 scrolls of remove curse
 z - 4 scrolls of blinking
Potions
 n - 2 potions of resistance
 p - a potion of ambrosia
 q - 5 potions of curing
 u - a potion of lignification
 v - a potion of flight
 w - 4 potions of heal wounds


   Skills:
 * Level 10.1(8.1) Fighting
 * Level 11.6(9.6) Axes
 + Level 8.8(6.9) Armour
 + Level 8.7(6.8) Shields
 + Level 8.8(6.9) Invocations
 + Level 8.2(6.4) Evocations


You had 11 spell levels left.
You didn't know any spells.
Your spell library was empty.

Dungeon Overview and Level Annotations

Branches:
Dungeon (13/15)            Temple (1/1) D:5            Lair (0/6) D:10
    Orc (0/2) D:12
 Vaults: D:13-14

Altars:
Ashenzari
Cheibriados
Dithmenos
Elyvilon
Fedhas
Gozag
Hepliaklqana
Kikubaaqudgha
Makhleb
Nemelex Xobeh
Okawaru
Qazlal
Ru
Sif Muna
Uskayaw
Vehumet
Wu Jian
Xom
Yredelemnul
The Shining One

Shops:
D:5 *   D:7 [   D:9 [   D:10 !

Annotations:
D:11 1 runed translucent door, Giecesh's ghost, journeyman GnWr


Innate Abilities, Weirdness & Mutations

You are resistant to damage.
You can heal yourself by infusing magical energy.
You passively map the area around you.
You do not regenerate.
You are partially covered in large bone plates. (SH +4)
Your spells are a little easier to cast, but a little less powerful.


Message History

You feel drained.
The vault guard hits you with a +0 great sword!
* * * LOW HITPOINT WARNING * * *
You block the ogre mage's attack. You block the vault guard's attack.
Your magical essence is drained by the effort!
You feel much better. You block the ogre mage's attack.
You block the vault guard's attack. The vault guard closely misses you.
You block the ogre mage's attack.
Evoke which item? (* to show all) (? for menu, Esc to quit)
Aiming: Iceblast
Press: ? - help, Shift-Dir - straight line The mass of ice explodes!
The iceblast engulfs the ogre mage!
The ogre mage is almost dead.
The vault guard hits you with a +0 great sword!
* * * LOW HITPOINT WARNING * * *
The vault guard hits you but does no damage.
You feel drained.
The ogre mage gestures at you while chanting.
The crystal spear hits you!!!
You die...

* , *,, , , , , , **
, , , ,, , *,* #####
,* * , , #...####
#......#, ,* *
#....#.# ,
##.########....#<# ,
......)(p@†O...### *
*........p))........
,
............)....##
* ,
##+###########...# ,
* + * , , ....# , ,*
, , , ,,....+,,, , ,
* ,,, , ..## , * *
*, ,,, , , ,,* * * *
** * *


You could see 2 vault guards and an ogre mage.

Vanquished Creatures
  A centaur warrior (D:13)
  2 two-headed ogres
  A tengu warrior (D:13)
  Sonja (D:10)
  5 skeletal warriors (D:12)
  An ugly thing (D:13)
  A gargoyle (D:12)
  2 kobold demonologists (D:12)
  2 trolls
  A hornet (D:13)
  3 hippogriffs
  10 yaks (D:11)
  A vampire (D:13)
  2 wyverns
  2 vampire mosquitoes (D:13)
  Menkaure (D:6)
  A water moccasin (D:8)
  4 orc warriors
  2 eyes of draining
  2 ice beasts (D:9)
  A necrophage (D:12)
  4 sky beasts
  6 ogres
  5 centaurs
  8 big kobolds
  4 gnoll sergeants
  10 bullfrogs
  A wyvern zombie (D:13)
  2 scorpions
  15 wights
  A howler monkey (D:6)
  3 jellies
  3 bullfrog zombies
  3 bullfrog skeletons
  4 hounds
  11 orc wizards
  2 centaur skeletons
  3 orc priests
  6 iguanas
  10 worker ants
  A hound zombie (D:5)
  A hound skeleton (D:6)
  A mummy (D:9)
  Robin (D:4)
  12 gnolls
  13 adders
  2 howler monkey skeletons
  6 shadow imps
  8 white imps
  An ufetubus (D:6)
  An adder zombie (D:8)
  2 adder skeletons (D:5)
  A worm (D:2)
  5 leopard geckos
  45 orcs
  A giant cockroach (D:3)
  11 goblins
  5 hobgoblins
  4 jackals (D:5)
  A quokka (D:4)
  2 frilled lizards
  A jackal zombie (D:8)
  13 kobolds
  A leopard gecko zombie (D:5)
  A rat (D:3)
287 creatures vanquished.

Vanquished Creatures (collateral kills)
  A hydra (D:11)
  2 centaur warriors (D:13)
  An ogre (D:13)
  2 orcs (D:13)
6 creatures vanquished.

Vanquished Creatures (others)
  A vampire mosquito (D:13)
  13 fungi (D:6)
14 creatures vanquished.

Grand Total: 307 creatures vanquished

Notes
Turn   | Place    | Note
-------+----------+-------------------------------------------
     0 | D:1      | Flugslaktarn the Deep Dwarf Fighter began the quest for the
                  | Orb.
     0 | D:1      | Reached XP level 1. HP: 20/20 MP: 1/1
   159 | D:2      | Reached XP level 2. HP: 24/27 MP: 2/2
   192 | D:2      | Reached XP level 3. HP: 25/34 MP: 3/3
   247 | D:3      | Reached skill level 3 in Axes
   378 | D:4      | Noticed Robin
   388 | D:4      | Killed Robin
   388 | D:4      | Reached XP level 4. HP: 36/42 MP: 3/3
   462 | D:4      | Found an ornate altar of the Wu Jian Council.
   570 | D:4      | Noticed an ogre
   577 | D:4      | Killed an ogre
   577 | D:4      | Reached skill level 4 in Axes
   577 | D:4      | Reached XP level 5. HP: 29/50 MP: 4/4
   669 | D:4      | Found a basalt altar of Yredelemnul.
   992 | D:5      | Entered Level 5 of the Dungeon
   992 | D:5      | Found Gozag's Platinum Reserve.
   996 | D:5      | Found an opulent altar of Gozag.
  1050 | D:5      | Reached XP level 6. HP: 37/57 MP: 5/5
  1063 | D:5      | Found a staircase to the Ecumenical Temple.
  1098 | Temple   | Entered the Ecumenical Temple
  1192 | Temple   | Became a worshipper of Makhleb the Destroyer
  1238 | D:5      | Found a sacrificial altar of Ru.
  1838 | D:6      | Reached skill level 1 in Invocations
  1897 | D:6      | Reached skill level 5 in Axes
  1897 | D:6      | Reached XP level 7. HP: 26/66 MP: 5/7
  2034 | D:6      | Reached skill level 5 in Fighting
  2115 | D:6      | Reached * piety under Makhleb
  2134 | D:6      | Noticed Menkaure
  2143 | D:6      | Killed Menkaure
  2143 | D:6      | Reached skill level 5 in Shields
  2288 | D:6      | Reached skill level 5 in Armour
  2380 | D:6      | Found a shimmering blue altar of Sif Muna.
  2493 | D:6      | Reached skill level 6 in Axes
  2525 | D:6      | Reached XP level 8. HP: 45/75 MP: 7/7
  2755 | D:7      | Reached skill level 1 in Evocations
  2821 | D:7      | Found Rizucsio's Armour Emporium.
  3452 | D:7      | Reached ** piety under Makhleb
  3452 | D:7      | Reached skill level 7 in Axes
  3595 | D:7      | Noticed a hippogriff
  3607 | D:7      | Killed a hippogriff
  3640 | D:7      | Gained mutation: You passively map the area around you.
                  | [Deep Dwarf growth]
  3640 | D:7      | Reached XP level 9. HP: 85/85 MP: 9/9
  3658 | D:7      | Found a sparkling altar of Nemelex Xobeh.
  3732 | D:8      | Found a sacrificial altar of Ru.
  3962 | D:8      | Found an iron altar of Okawaru.
  4302 | D:8      | Found a glowing golden altar of the Shining One.
  4328 | D:8      | Reached skill level 5 in Invocations
  4641 | D:9      | Reached skill level 8 in Axes
  4641 | D:9      | Reached *** piety under Makhleb
  4682 | D:9      | Found a snail-covered altar of Cheibriados.
  4770 | D:9      | Found a shadowy altar of Dithmenos.
  4826 | D:9      | Found Fiwiuw's Antique Armour Boutique.
  5036 | D:10     | Entered Level 10 of the Dungeon
  5044 | D:10     | Noticed Sonja
  5047 | D:10     | Killed Sonja
  5047 | D:10     | Reached XP level 10. HP: 71/94 MP: 11/11
  5053 | D:10     | Noticed a two-headed ogre
  5089 | D:10     | Gained mutation: Your spells are a little easier to cast,
                  | but a little less powerful. [potion of mutation]
  5089 | D:10     | Gained mutation: You are partially covered in large bone
                  | plates. (SH +4) [potion of mutation]
  5104 | D:10     | Killed a two-headed ogre
  5104 | D:10     | Reached skill level 9 in Axes
  5104 | D:10     | Reached skill level 5 in Evocations
  5137 | D:10     | Found a staircase to the Lair.
  5348 | D:10     | Found Ihaklav's Distillery.
  5351 | D:10     | Bought a potion of resistance for 130 gold pieces
  5351 | D:10     | Bought a potion of might for 52 gold pieces
  5504 | D:11     | Reached **** piety under Makhleb
  5534 | D:11     | Found a runed translucent door.
  5539 | D:11     | Noticed Giecesh's ghost (journeyman GnWr)
  5725 | D:11     | Found a broken altar of Ashenzari.
  5822 | D:11     | Noticed a four-headed hydra
  5883 | D:11     | Killed an 11-headed hydra
  5883 | D:11     | Reached skill level 10 in Axes
  5994 | D:11     | Reached XP level 11. HP: 77/104 MP: 10/10
  6339 | D:12     | Noticed a skeletal warrior
  6339 | D:12     | Noticed a skeletal warrior
  6340 | D:12     | Noticed a skeletal warrior
  6340 | D:12     | Noticed a skeletal warrior
  6340 | D:12     | Noticed a skeletal warrior
  6372 | D:12     | Killed a skeletal warrior
  6380 | D:12     | Killed a skeletal warrior
  6403 | D:12     | Killed a skeletal warrior
  6407 | D:12     | Killed a skeletal warrior
  6429 | D:12     | Killed a skeletal warrior
  6471 | D:12     | Found a staircase to the Orcish Mines.
  6537 | D:12     | Reached skill level 11 in Axes
  6546 | D:12     | Reached ***** piety under Makhleb
  6646 | D:12     | Noticed a soul eater
  6666 | D:12     | Noticed a two-headed ogre
  6689 | D:12     | Killed a two-headed ogre
  6943 | D:13     | Noticed a centaur warrior
  6950 | D:13     | Noticed a tengu warrior
  6953 | D:13     | Noticed a centaur warrior
  6959 | D:13     | Noticed a green ugly thing
  6960 | D:13     | Noticed an ogre mage
  6961 | D:13     | Noticed a centaur warrior
  6965 | D:13     | Noticed a vault guard
  6969 | D:13     | Killed a centaur warrior
  6969 | D:13     | Reached XP level 12. HP: 77/116 MP: 1/10
  6969 | D:13     | Killed a tengu warrior
  6970 | D:13     | Noticed a vault guard
  6982 | D:13     | Killed a centaur warrior
  6982 | D:13     | Reached skill level 10 in Fighting
  6985 | D:13     | Killed a centaur warrior
  6998 | D:13     | Killed from afar by an ogre mage

Illustrated notes

Levels and vault maps discovered:
D:1:      dpeg_arrival_pits, layout_basic, chequers_serial_rivers_micro_b,
          minmay_split_cup_small
D:2:      layout_basic, lemuel_doored_altar, minmay_heptomino_h4, uniq_terence
D:3:      layout_rooms, lightli_temple_of_fire, lemuel_round_altar,
          minmay_misc_feat_nine_boxes, hangedman_decor_push
D:4:      layout_gridville, overflow_temple_1_default,
          yredelemnul_altar_generic, uniq_robin
D:5:      layout_loops_ring, nicolae_gozag_zags_fifth_avenue,
          minmay_temple_entry_trees, basic_altar
D:6:      layout_loops_corners, old_standard_altar, serial_aquarium,
          aquarium_bridge_straight [aquarium_subvault_bridge,
          aquarium_subvault_wall, aquarium_subvault_bridge,
          aquarium_subvault_window], aquarium_bridge_island_small
          [aquarium_subvault_small_water, aquarium_subvault_window,
          aquarium_subvault_wall, aquarium_subvault_wall,
          aquarium_subvault_bridge], aquarium_window_corner,
          aquarium_window_corner, aquarium_view_2d, uniq_menkaure
D:7:      layout_basic, lemuel_round_altar, serial_shops, shop_fountains
D:8:      layout_loops_ring, lemuel_crystal_altar,
          nicolae_ru_sacrificial_ziggurat, okawaru_ov_weapons_minmay
D:9:      layout_rooms, nicolae_overflow_crystal_walls, slow_altar_1,
          serial_shops, shop_fountains
D:10:     layout_rooms, lair_entry_dummy, serial_shops,
          nicolae_shop_behind_doors, uniq_sonja
D:11:     layout_cave_pools, basic_altar, gammafunk_ghost_grave,
          grunt_ministairs_15
D:12:     layout_roguey, kennysheep_orc_monster_closet_entryway
D:13:     layout_basic, grunt_vaults_entry_fortified
Temple:   dpeg_three_leaves_temple

Skill      XL: |  1  2  3  4  5  6  7  8  9 10 11 12 |
---------------+-------------------------------------+-----
Fighting       | 3 4 5 6 7 8 9 10 | 10.1
Axes           | 3 4 5 6 7 8 10 11 | 11.6
Armour         | 4 5 6 7 8 |  8.8
Shields        | 4 5 6 7 8 |  8.7
Invocations    | 1 3 4 5 7 8 |  8.8
Evocations     | 2 4 6 7 8 |  8.2

Action                   |  1- 3 |  4- 6 |  7- 9 | 10-12 || total
-------------------------+-------+-------+-------+-------++-------
Melee: War axe           |    68 |   126 |   151 |       ||   345
       Broad axe         |       |       |   258 |   514 ||   772
Invok: Lesser Servant of |       |       |       |     6 ||     6
 Abil: Heal Wounds       |     1 |     3 |     8 |    18 ||    30
Evoke: Wand              |       |       |     4 |     2 ||     6
  Use: Scroll            |       |    11 |     5 |     2 ||    18
       Potion            |       |       |     3 |     5 ||     8
 Stab: Distracted        |       |       |       |     1 ||     1
Armor: Scale mail        |    25 |    35 |       |       ||    60
       Chain mail        |       |    32 |   110 |       ||   142
       Plate armour      |       |       |   156 |   369 ||   525
       Skin              |       |       |       |    77 ||    77
Dodge: Dodged            |    21 |    26 |    81 |   122 ||   250
Block: Kite shield       |    37 |    71 |   245 |   577 ||   930

Table legend: (Time is in decaauts)
 A = Elapsed time spent in this place.
 B = Non-inter-level travel time spent in this place.
 C = Inter-level travel time spent in this place.
 D = Time resting spent in this place.
 E = Time spent auto-exploring this place.
 F = Levels seen in this place.
 G = Mean time per level.
                   A        B        C        D        E       F      G
               +--------+--------+--------+--------+--------+-----+--------+
         Total |   7293 |   6925 |    368 |     14 |   4669 |  14 |  520.9 |
       Dungeon |   7186 |   6855 |    331 |     14 |   4602 |  13 |  552.8 |
        Temple |    106 |     69 |     37 |      0 |     67 |   1 |  106.0 |
               +--------+--------+--------+--------+--------+-----+--------+

Top non-repeatable levels by time:
     D:7: 1018 daAuts
     D:6: 971 daAuts
     D:8: 900 daAuts
    D:12: 785 daAuts
     D:5: 741 daAuts
    D:11: 711 daAuts
     D:4: 698 daAuts
    D:10: 491 daAuts
     D:9: 452 daAuts
     D:2: 225 daAuts
  Temple: 106 daAuts
    D:13: 83 daAuts
     D:3: 77 daAuts
     D:1: 32 daAuts
